 Dungeon Crawl Stone Soup version 0.29.1-1-gd02db69 (webtiles) character file.

Game seed: 15874557908426079466

4981 anonnz56 the Cleaver (level 10, -1/88 HPs)
             Began as a Hill Orc Fighter on Mar 22, 2023.
             Was an Initiate of Okawaru.
             Slain by a titanic slime creature (89 damage)
             ... on level 8 of the Dungeon.
             The game lasted 00:49:13 (8259 turns).

anonnz56 the Cleaver (Hill Orc Fighter)             Turns: 8259, Time: 00:49:14

Health: -1/88      AC: 20    Str: 20    XL:     10   Next: 53%
Magic:  10/10      EV:  9    Int:  6    God:    Okawaru [......]
Gold:   149        SH:  6    Dex: 20    Spells: 9/9 levels left

rFire   . . .      SeeInvis .   x - +1 broad axe
rCold   . . .      Faith    .   c - +0 buckler
rNeg    . . .      Spirit   .   B - +4 chain mail
rPois   .          Reflect  .   (no helmet)
rElec   +          Harm     .   l - +1 cloak
rCorr   .          Rampage  .   p - +0 pair of gloves
Will    ++...                   m - +0 pair of boots "Paere" {Fly rElec Will++ Int-2}
Stlth   ..........              (no amulet)
HPRegen 0.24/turn               s - +6 ring of dexterity
MPRegen 0.12/turn               (no ring)

@: flying
A: no striking features
a: Renounce Religion


You were on level 8 of the Dungeon.
You worshipped Okawaru.
Okawaru was noncommittal.
You visited 2 branches of the dungeon, and saw 11 of its levels.

You collected 310 gold pieces.
You spent 161 gold pieces at shops.

Inventory:

Hand Weapons
 b - the +5 rapier of the King {holy, *Corrode Will+++ Int+6}
   (You found it on level 5 of the Dungeon)

   It has been blessed by the Shining One to cause great damage to the undead
   and demons.
   Int:       It affects your intelligence (+6).
   *Corrode:  It may corrode you when you take damage.
   Will:      It greatly increases your willpower.
 d - the +9 flail of Death {flame, rElec rF- rCorr SInv}
   (You found it on level 4 of the Dungeon)

   It burns those it strikes, dealing additional fire damage.
   rF:        It makes you vulnerable to fire.
   rElec:     It insulates you from electricity.
   SInv:      It lets you see invisible.
   rCorr:     It protects you from acid and corrosion.
 e - a +0 mace of distortion
 i - a +0 vorpal hand axe
 u - the +6 sling "Nifeuwu" {freeze, Dex+4}
   (You found it on level 6 of the Dungeon)

   Any ammunition fired from it freezes those it strikes, dealing additional
   cold damage.
   It can also slow down cold-blooded creatures.
   Dex:       It affects your dexterity (+4).
 x - a +1 broad axe (weapon)
Missiles
 a - 8 stones (quivered)
 w - a throwing net
Armour
 c - a +0 buckler (worn)
 l - a +1 cloak (worn)
 m - the +0 pair of boots "Paere" (worn) {Fly rElec Will++ Int-2}
   (You found it on level 3 of the Dungeon)

   Int:       It affects your intelligence (-2).
   rElec:     It insulates you from electricity.
   Fly:       It grants you flight.
   Will:      It greatly increases your willpower.
 n - a +1 ring mail of cold resistance
 p - a +0 pair of gloves (worn)
 B - a +4 chain mail (worn)
Magical Staves
 f - a staff of conjuration
Jewellery
 s - a +6 ring of dexterity (left hand)
 G - a ring of ice
Wands
 o - a wand of digging (4)
 q - a wand of paralysis (10)
 t - a wand of flame (15)
 E - a wand of roots (8)
Scrolls
 h - 3 scrolls of butterflies
 A - a scroll of silence
 H - a scroll of magic mapping
Potions
 g - a potion of flight
 j - a potion of brilliance
 k - 2 potions of degeneration
 C - a potion of lignification
 D - a potion of haste {unknown}
 F - 3 potions of mutation


   Skills:
 + Level 8.1 Fighting
 + Level 13.2 Axes
 + Level 0.1(7.0) Maces & Flails
 + Level 8.4 Armour
 + Level 3.3 Dodging
 + Level 1.2 Stealth
 + Level 6.2 Shields


You had 9 spell levels left.
You didn't know any spells.
Your spell library contained the following spells:

 Spells                   Type           Power      Damage    Failure   Level
 Sublimation of Blood     Necr           0%         N/A       100%        2
 Gell's Gravitas          Tloc           0%         N/A       100%        3
 Inner Flame              Hex/Fire       0%         N/A       100%        3
 Teleport Other           Tloc           0%         N/A       100%        3
 Cause Fear               Hex            0%         N/A       100%        4
 Corpse Rot               Necr/Pois/Air  0%         N/A       100%        4
 Dispel Undead            Necr           0%         3d6       100%        4
 Petrify                  Tmut/Erth      0%         N/A       100%        4
 Irradiate                Conj/Tmut      0%         3d11      100%        5
 Dispersal                Tloc           0%         N/A       100%        6
 Discord                  Hex            0%         N/A       100%        8
 Death Channel            Necr           Unusable   N/A       N/A         6

Dungeon Overview and Level Annotations

Branches:
Dungeon (10/15)            Temple (1/1) D:7
   Lair: D:8-11         Orc: D:9-12

Altars:
Ashenzari
Elyvilon
Gozag
Makhleb
Okawaru
Ru
Uskayaw
Vehumet

Shops:
D:1 ?**?   D:5 *   D:6 [   D:8 :


Message History

The slime creature is heavily wounded.
Your surroundings suddenly seem different.
A slime creature is nearby!
You start resting.
You feel a little less mighty now.
You start resting.
A kobold is nearby!
The kobold shouts!
The kobold hits you but does no damage.
You hit the kobold but do no damage. You block the kobold's attack.
You hit the kobold.
You kill the kobold!
Okawaru accepts your kill.
q - a wand of paralysis (10)
You see here a +0 dagger.
You start resting.
HP restored.
The kobold shouts!
Okay, then.
The slime creature quivers. x2
The slime creature quivers. x2
Two slime creatures merge to form a large slime creature.
You slash the slime creature!
The slime creature is lightly wounded.
The slime creature barely misses you.
Two slime creatures merge to form a very large slime creature.
Two slime creatures merge to form a large slime creature.
You slash the large slime creature!
The large slime creature is moderately wounded.
You slice the large slime creature!!
The large slime creature is heavily wounded.
The large slime creature completely misses you.
Two slime creatures merge to form a titanic slime creature.
You slash the titanic slime creature!
The titanic slime creature is lightly wounded.
You hit the titanic slime creature.
The titanic slime creature is lightly wounded.
The titanic slime creature hits you!!!!
Ouch! That really hurt!
You die...

#........#..#.####.
#.J......#..#.#
####.##....<#..#.#
....##.#####..#.#
#.J $...... ...#.#
#.# ......##
##.##.# #.# ..K# #.
#.# #.# ##J# #.#
#.# #@# #.# #.#
#.#########.#
#.).........#
#############


You could see a titanic slime creature and a kobold.

Vanquished Creatures
  Pikel (D:4)
  Maurice (D:8)
  Grinder (D:4)
  Prince Ribbit (D:6)
  Sigmund (D:3)
  A wraith (D:8)
  2 steam dragons (D:6)
  Duvessa (D:7)
  A water moccasin (D:7)
  An orc warrior (D:7)
  2 sky beasts (D:7)
  3 black bears
  An ogre (D:4)
  3 phantoms
  2 centaurs
  A kobold brigand (D:8)
  Blork the orc (D:6)
  2 bullfrogs
  A gnoll sergeant (D:7)
  4 necrophages
  9 scorpions (D:5)
  Dowan (D:7)
  A howler monkey (D:5)
  2 hounds
  6 orc priests
  Crazy Yiuf (D:6)
  3 iguanas
  3 orc wizards
  8 gnolls
  14 adders
  A shadow imp (D:6)
  A white imp (D:6)
  4 ufetubi (D:5)
  2 dart slugs (D:1)
  25 orcs
  6 endoplasms
  7 giant cockroaches
  6 goblins
  8 hobgoblins
  7 jackals
  5 quokkas
  3 ball pythons
  3 bats
  5 frilled lizards
  2 kobolds
  4 rats
  A butterfly (D:5)
169 creatures vanquished.

Vanquished Creatures (others)
  An ice beast (D:6)
  6 fungi (D:2)
  4 plants (D:1)
11 creatures vanquished.

Grand Total: 180 creatures vanquished

Notes
Turn   | Place    | Note
-------+----------+-------------------------------------------
     0 | D:1      | anonnz56 the Hill Orc Fighter began the quest for the Orb.
     0 | D:1      | Reached XP level 1. HP: 19/19 MP: 1/1
    23 | D:1      | Found Xojuh's Magic Scroll Shoppe.
   161 | D:1      | Found Robb's Magic Scroll Shop.
   164 | D:1      | Reached XP level 2. HP: 27/27 MP: 2/2
   167 | D:1      | Reached skill level 3 in Axes
   255 | D:1      | Found Eleabew's General Store.
   306 | D:1      | Reached XP level 3. HP: 24/33 MP: 3/3
   387 | D:1      | Found Irokkep's Assorted Antiques.
   871 | D:2      | Reached XP level 4. HP: 40/40 MP: 4/4
  1086 | D:2      | Found a faded altar of an unknown god.
  1091 | D:2      | Reached skill level 4 in Axes
  1187 | D:3      | Reached XP level 5. HP: 46/46 MP: 5/5
  1206 | D:3      | Reached skill level 1 in Dodging
  1394 | D:3      | Reached skill level 5 in Axes
  1556 | D:3      | Found a sacrificial altar of Ru.
  1779 | D:3      | Identified the +0 pair of boots "Paere" {Fly rElec Will++
                  | Int-2}
  1997 | D:3      | Noticed Sigmund
  2019 | D:3      | Killed Sigmund
  2020 | D:3      | Reached skill level 6 in Axes
  2020 | D:3      | Reached XP level 6. HP: 43/53 MP: 6/6
  2248 | D:3      | Noticed a black bear
  2258 | D:3      | Killed a black bear
  2259 | D:3      | Reached skill level 5 in Armour
  2259 | D:3      | Reached XP level 7. HP: 32/60 MP: 7/7
  2588 | D:4      | Identified the +9 flail of Death {flame, rElec rF- rCorr
                  | SInv}
  2725 | D:4      | Reached skill level 7 in Axes
  2750 | D:4      | Noticed Pikel
  2770 | D:4      | Killed Pikel
  2771 | D:4      | Reached skill level 5 in Fighting
  2771 | D:4      | Reached skill level 8 in Axes
  2771 | D:4      | Reached XP level 8. HP: 37/69 MP: 8/8
  3209 | D:4      | Noticed Grinder
  3236 | D:4      | Killed Grinder
  3237 | D:4      | Reached skill level 9 in Axes
  3623 | D:5      | Entered Level 5 of the Dungeon
  3675 | D:5      | Found a runed translucent door.
  3677 | D:5      | Found a runed translucent door.
  3696 | D:5      | Reached skill level 1 in Stealth
  3696 | D:5      | Reached XP level 9. HP: 37/75 MP: 9/9
  3698 | D:5      | Reached skill level 10 in Axes
  3962 | D:5      | Found Unuh's Assorted Antiques.
  4001 | D:5      | Reached skill level 5 in Shields
  4017 | D:5      | Bought a glowing ring mail for 161 gold pieces
  4035 | D:5      | Identified the +5 rapier of the King {holy, *Corrode
                  | Will+++ Int+6}
  5088 | D:6      | Reached skill level 11 in Axes
  5206 | D:6      | Noticed Prince Ribbit
  5246 | D:6      | Killed Prince Ribbit
  5856 | D:6      | Identified the +6 sling "Nifeuwu" {freeze, Dex+4}
  5891 | D:6      | Found Tyoqas's Antique Armour Shoppe.
  6039 | D:6      | Noticed Blork the orc
  6048 | D:6      | Killed Blork the orc
  6053 | D:6      | Reached skill level 12 in Axes
  6297 | D:6      | Found a runed translucent door.
  6298 | D:6      | Noticed Crazy Yiuf
  6307 | D:6      | Killed Crazy Yiuf
  6371 | D:7      | Noticed Duvessa
  6371 | D:7      | Noticed Dowan
  6371 | D:7      | You are sucked into a shaft and drop 3 floors!
  6371 | D:10     | Entered Level 10 of the Dungeon
  6398 | D:10     | Reached XP level 10. HP: 63/86 MP: 10/10
  6572 | D:8      | Noticed a cyclops
  6600 | D:8      | Found Unwoownue's Vocational Training.
  6730 | D:7      | Killed Duvessa
  6743 | D:7      | Killed Dowan
  7588 | D:7      | Found a staircase to the Ecumenical Temple.
  7602 | Temple   | Entered the Ecumenical Temple
  7712 | Temple   | Became a worshipper of Warmaster Okawaru
  7894 | D:8      | Noticed Maurice
  7931 | D:8      | Killed Maurice
  7932 | D:8      | Reached skill level 13 in Axes
  8259 | D:8      | Slain by a titanic slime creature

Illustrated notes

Levels and vault maps discovered:
D:1:      nzn_arrival_water_spiral, layout_rooms, serial_shops, shop,
          nicolae_diamond_shop, nicolae_shop_crystal,
          nicolae_shop_overgrown_old_shop
D:2:      layout_loops_ring, chequers_ecumenical_altar_simple,
          dreamdust_mushroom_princess
D:3:      minmay_door_path, layout_loops_cross, grunt_qazlal_clouds,
          nicolae_ru_awakened_eye, roderic_serpentine_path, hex_medium,
          uniq_sigmund
D:4:      layout_loops_corners, uniq_pikel, uniq_grinder
D:5:      lemuel_insect_pit, layout_basic, serial_shops, shop_statue
D:6:      layout_loops_ring, serial_shops, shop, uniq_blork_the_orc,
          uniq_crazy_yiuf_cottage, uniq_prince_ribbit1
D:7:      layout_rooms, minmay_temple_entry_tees, minivault_4, uniq_duvessa
D:8:      layout_basic, nicolae_shop_vocational, uniq_maurice
D:9:      layout_basic, nicolae_overflows_in_rows, cheibriados_altar_1,
          gammafunk_ghost_split, nicolae_stop_n_shop_1,
          hellmonk_guarded_unrand_dark_maul
D:10:     layout_loops_corners, minmay_lair_entry_lava, orc_david_3,
          grunt_ministairs_2
Temple:   compressed_dpeg_triangle_lava_temple

Skill      XL: |  1  2  3  4  5  6  7  8  9 10 |
---------------+-------------------------------+-----
Axes           | 3 4 6 8 9 12 13 | 13.2
Armour         | 4 5 6 7 8 |  8.4
Fighting       | 4 5 6 7 8 |  8.1
Dodging        | 1 2 3 |  3.3
Shields        | 4 6 |  6.2
Stealth        | 1 |  1.2
Maces & Flails | |  0.1

Action                   |  1- 3 |  4- 6 |  7- 9 | 10-12 || total
-------------------------+-------+-------+-------+-------++-------
Melee: War axe           |   106 |    94 |   286 |       ||   486
       Broad axe         |       |       |    12 |   145 ||   157
       Flail             |       |       |       |     1 ||     1
Throw: Stone             |       |       |       |     2 ||     2
  Use: Scroll            |     3 |     1 |     8 |    13 ||    25
       Potion            |       |     2 |     7 |     2 ||    11
Armor: Scale mail        |    51 |    61 |    67 |       ||   179
       Plate armour      |       |       |    64 |    10 ||    74
       Ring mail         |       |       |    33 |       ||    33
       Chain mail        |       |       |       |    54 ||    54
Dodge: Dodged            |    49 |    61 |   147 |    45 ||   302
Block: Buckler           |    28 |    36 |    73 |    29 ||   166
